 Dungeon Crawl Stone Soup version 0.27.1-33-g824d729ab1 (webtiles) character file.

Game seed: 679832383962869742

394 pkoi the Insei (level 6, -4/43 (51) HPs)
             Began as a Draconian Monk on Dec 28, 2021.
             Slain by a wight (9 damage)
             ... on level 3 of the Dungeon.
             The game lasted 00:05:15 (3426 turns).

pkoi the Insei (Draconian Monk)                     Turns: 3426, Time: 00:05:15

HP:   -4/43 (51)    AC:  7    Str: 13    XL:     6   Next: 51%
MP:   6/6           EV: 12    Int: 12    God:
Gold: 172           SH:  0    Dex: 14    Spells: 5/5 levels left

rFire    . . .     SeeInvis .     - Unarmed
rCold    . . .     Faith    .   (no shield)
rNeg     . . .     Spirit   .   (armour unavailable)
rPois    .         Reflect  .   (helmet restricted)
rElec    .         Harm     .   g - +0 cloak
rCorr    .         Rampage  .   (no gloves)
Will     .....                  (no boots)
Stlth    ++........             (no amulet)
HPRegen  0.14/turn              f - ring of wizardry
MPRegen  0.10/turn              (no ring)

@: heavily drained
A: AC +6, unfitting armour, cold-blooded
a: no special abilities


You were on level 3 of the Dungeon.
You visited 1 branch of the dungeon, and saw 4 of its levels.

You collected 172 gold pieces.

Inventory:

Hand Weapons
 h - a +0 dagger of protection
Missiles
 l - 4 boomerangs (quivered)
Armour
 g - a +0 cloak (worn)
Jewellery
 f - a ring of wizardry (left hand)
 m - an amulet of guardian spirit
 q - the ring "Xeumnux" {Wiz Will+}
   (You took it off a goblin on level 4 of the Dungeon)

   [ring of wizardry]

   It improves your spell success rate.
   Will:      It increases your willpower.
Scrolls
 a - 5 scrolls of identify {unknown}
 b - a scroll of brand weapon {unknown}
 d - 2 scrolls of teleportation {unknown}
 j - a scroll of amnesia {unknown}
 k - a scroll of blinking {unknown}
 o - 2 scrolls of holy word {unknown}
 r - a scroll of summoning {unknown}
 s - a scroll of noise {unknown}
Potions
 c - a potion of invisibility {unknown}
 e - a potion of lignification {unknown}
 i - a potion of cancellation {unknown}
 n - a potion of might {unknown}
 p - a potion of degeneration {unknown}


   Skills:
 - Level 3.2 Fighting
 - Level 2.6 Dodging
 - Level 1.7 Stealth
 + Level 7.4 Unarmed Combat


You had 5 spell levels left.
You didn't know any spells.
Your spell library contained the following spells:

 Spells                   Type           Power      Damage    Failure   Level
 Shock                    Conj/Air       0%         1d3       13%         1
 Swiftness                Air            0%         N/A       36%         3
 Airstrike                Air            0%         N/A       75%         4


Dungeon Overview and Level Annotations

Branches:
Dungeon (4/15)
 Temple: D:4-7

Altars:


Innate Abilities, Weirdness & Mutations

Your plain brown scales are hard. (AC +6)
You cannot fit into any form of body armour.
You are cold-blooded and may be slowed by cold attacks.


Message History

You closely miss the wight. The wight closely misses you.
You hit the wight.
The wight is moderately damaged.
The wight barely misses you.
You barely miss the wight.
You tail-slap the wight, but do no damage.
The wight is moderately damaged.
The wight barely misses you.
You hit the wight.
The wight is heavily damaged.
The wight barely misses you.
You barely miss the wight.
The wight is heavily damaged.
The wight hits you with a +2 scimitar.
* * * LOW HITPOINT WARNING * * *
You feel drained.
* * * LOW HITPOINT WARNING * * *
You hit the wight.
The wight is severely damaged.
The wight hits you with a +2 scimitar!
* * * LOW HITPOINT WARNING * * *
You closely miss the wight.
The wight is severely damaged.
You hit the wight.
You tail-slap the wight, but do no damage.
The wight is severely damaged.
The wight hits you with a +2 scimitar.
* * * LOW HITPOINT WARNING * * *
You feel drained.
* * * LOW HITPOINT WARNING * * *
You hit the wight.
The wight is almost destroyed.
The wight barely misses you.
You hit the wight but do no damage.
The wight is almost destroyed.
The wight barely misses you.
You hit the wight but do no damage.
Your tail-slap misses the wight.
The wight is almost destroyed.
The wight hits you with a +2 scimitar!
You die...

#.# ######..........'...#### #.#
#...............##...... #.#
#..........########.....
#.#####..........####.^...####
#......#########.#...........#
#......##....###.#.#...##....#
#......##.....................
#......##...z.)..#.#....######
###......'.....@.....#....#
#........##...#.##...#....#
#........##...#.###..##'#.#
#....######...#......##.#.######
#....# #...######.(#...##.†##
#....# #...#######.#####....'
#....# ##...........# #....#
#....# #...........#####..##
#....# #...........##..#'##)


You could see a wight.

Vanquished Creatures
  An ogre (D:3)
  A water moccasin skeleton (D:4)
  A wight (D:4)
  An orc priest (D:4)
  A hound (D:3)
  A hound skeleton (D:4)
  7 adders
  3 worms
  4 orcs
  6 endoplasms
  4 giant cockroaches
  5 goblins
  5 hobgoblins
  4 jackals (D:1)
  5 kobolds
  6 quokkas
  3 ball pythons
  7 bats
  3 frilled lizards
  7 rats
75 creatures vanquished.

Notes
Turn   | Place    | Note
-------+----------+-------------------------------------------
     0 | D:1      | pkoi the Draconian Monk began the quest for the Orb.
     0 | D:1      | Reached XP level 1. HP: 19/19 MP: 1/1
   218 | D:1      | Reached XP level 2. HP: 26/26 MP: 2/2
   603 | D:2      | Reached skill level 4 in Unarmed Combat
   641 | D:2      | Reached XP level 3. HP: 23/31 MP: 3/3
  1122 | D:2      | Reached skill level 5 in Unarmed Combat
  1122 | D:2      | Reached XP level 4. HP: 37/38 MP: 4/4
  1835 | D:3      | Reached XP level 5. HP: 45/45 MP: 5/5
  2371 | D:3      | Reached skill level 6 in Unarmed Combat
  2840 | D:4      | Identified the ring "Xeumnux" {Wiz Will+}
  2846 | D:4      | Reached XP level 6. HP: 51/51 MP: 6/6
  3125 | D:3      | Reached skill level 7 in Unarmed Combat
  3426 | D:3      | Slain by a wight

Illustrated notes

Levels and vault maps discovered:
D:1:      matt_arrival_grand_opening, layout_rooms
D:2:      layout_rooms
D:3:      minmay_bubble_buster, layout_basic, solitary_fountain,
          grunt_decor_arrowhead, kennysheep_cross_room, grunt_ministairs_4,
          minivault_25
D:4:      layout_loops_corners, fedhas_ov_isle_minmay, st_stairs_5,
          corexii_corridor_pit

Skill      XL: |  1  2  3  4  5  6 |
---------------+-------------------+-----
Unarmed Combat | 4 5 6 7 |  7.4
Fighting       | |  3.2
Dodging        | |  2.6
Stealth        | |  1.7

Action                   |  1- 3 |  4- 6 || total
-------------------------+-------+-------++-------
Melee: Unarmed           |   138 |   162 ||   300
       Tailslap          |    12 |    21 ||    33
       Punch             |     1 |     5 ||     6
  Use: Potion            |     2 |       ||     2
 Stab: Sleeping          |     4 |     9 ||    13
Armor: Skin              |    45 |    45 ||    90
Dodge: Dodged            |    85 |    86 ||   171
